 Dungeon Crawl Stone Soup version 0.22-a0-181-gb22368a (webtiles) character file.

20 Amnesiac the Insei (level 2, 0/19 HPs)
             Began as an Octopode Transmuter on Feb 14, 2018.
             Slain by a bat (1 damage)
             ... on level 1 of the Dungeon.
             The game lasted 00:00:58 (352 turns).

Amnesiac the Insei (Octopode Transmuter)             Turns: 352, Time: 00:00:59

Health: 0/19       AC:  1    Str:  9    XL:     2   Next: 79%
Magic:  5/5        EV: 13    Int: 15    God:
Gold:   21         SH:  0    Dex: 12    Spells: 4/5 levels left

rFire    . . .     SeeInvis .     - Unarmed
rCold    . . .     Gourm    .   (no shield)
rNeg     . . .     Faith    .   (helmet restricted)
rPois    .         Spirit   .   (no amulet)
rElec    .         Reflect  .   (no ring)
rCorr    .         Harm     .   (no ring)
MR       .....                  (no ring)
Stlth    ++........             (no ring)
HPRegen  0.06/turn              (no ring)
MPRegen  0.09/turn              (no ring)
                                (no ring)
                                (no ring)

@: no status effects
A: almost no armour, stealthy swim, amphibious, 8 rings, constrict 8, camouflage
1, gelatinous body 1
a: no special abilities


You were on level 1 of the Dungeon.
You were not hungry.

You visited 1 branch of the dungeon, and saw 1 of its levels.

You collected 21 gold pieces.

Inventory:

Missiles
 a - 12 arrows
Scrolls
 d - a scroll of identify {!r, unknown}
 f - 2 scrolls of remove curse {!r, unknown}
 i - a scroll of magic mapping {!r, unknown}
Potions
 e - a potion of heal wounds {!q, unknown}
 g - 2 potions of flight {!q, unknown}
 h - 2 potions of curing {!q, unknown}
Books
 b - a book of Changes

   Spells                             Type                      Level
   a - Beastly Appendage              Transmutation                1
   b - Sticks to Snakes               Transmutation                2
   c - Spider Form                    Transmutation/Poison         3
   d - Ice Form                       Ice/Transmutation            4
   e - Blade Hands                    Transmutation                5
Comestibles
 c - 2 rations


   Skills:
 - Level 2.0 Fighting
 - Level 2.0 Dodging
 - Level 3.0 Unarmed Combat
 - Level 2.0 Spellcasting
 + Level 2.6 Transmutations


You had 4 spell levels left.
You knew the following spells:

 Your Spells              Type           Power        Failure   Level  Hunger
a - Beastly Appendage     Tmut           #.....       8%          1    #......


Dungeon Overview and Level Annotations

Branches:
Dungeon (1/15)

Altars:


Innate Abilities, Weirdness & Mutations

You cannot wear most types of armour.
You are very stealthy in the water. (Stealth+)
You are amphibious.
You can wear up to eight rings at the same time.
You can use your tentacles to constrict eight enemies at once.
Your skin changes colour to match your surroundings (Stealth+).
Your rubbery body absorbs attacks. (AC +1, EV +1)


Message History

You open the door.
There is an open door here.
There is a stone staircase leading down here.
A hobgoblin comes into view. It is wielding a club.
The hobgoblin shouts!
A hobgoblin is nearby!
A hobgoblin is nearby!
The hobgoblin hits you with a club.
You tentacle-slap the hobgoblin. You grab the hobgoblin.
You kill the hobgoblin!
No target in view!
Things that are here:
a club; a hobgoblin corpse A rat comes into view.
Found 18 bolts.
A rat is nearby!
A goblin comes into view. It is wielding a club.
The goblin shouts!
You hear a shout!
There are monsters nearby!
Found 13 gold pieces.
A hobgoblin comes into view. It is wielding a club.
The rat barely misses you.
You closely miss the rat. You grab the rat. You constrict the rat.
The rat bites you.
You tentacle-slap the rat.
You kill the rat!
The goblin hits you with a club.
You tentacle-slap the goblin but do no damage.
The goblin hits you with a club.
* * * LOW HITPOINT WARNING * * *
You barely miss the hobgoblin. You grab the hobgoblin.
You constrict the hobgoblin. The hobgoblin barely misses you.
A bat comes into view.
You tentacle-slap the hobgoblin.
The hobgoblin is severely wounded.
You constrict the hobgoblin.
You kill the hobgoblin!
The goblin hits you with a club.
* * * LOW HITPOINT WARNING * * *
You barely miss the goblin. The goblin hits you with a club.
* * * LOW HITPOINT WARNING * * *
Unknown command.
The bat barely misses you.
You miss the goblin. The bat barely misses you. The goblin barely misses you.
Unknown command.
Unknown command.
You tentacle-slap the goblin.
You kill the goblin!
The bat closely misses you.
Unknown command.
You closely miss the bat. You grab the bat.
You constrict the bat, but do no damage.
The bat completely misses you.
The bat escapes!
Unknown command.
You closely miss the bat. You grab the bat.
You constrict the bat, but do no damage.
The bat misses you. x2
The bat struggles to escape constriction.
Unknown command.
You tentacle-slap the bat.
The bat is moderately wounded.
You constrict the bat. The bat misses you.
The bat escapes!
The bat hits you.
You die...

.... ......##.##.#
#############.##.#
#.#...#.#.#....#.#
#...#...#...##.#.#
..#.#.#...#.##...#
..#.#.#.†.#.###..#
#...#...#...# #..#
#.#...#.#.### #..#
########### #.@##
#.b.# #..)#
#..)..# ##....#
##....# #(...#
$..... #...##.


You could see a bat.

Vanquished Creatures
  2 dart slugs (D:1)
  A giant cockroach (D:1)
  5 hobgoblins (D:1)
  A kobold (D:1)
  A frilled lizard (D:1)
  2 goblins (D:1)
  4 rats (D:1)
16 creatures vanquished.

Notes
Turn   | Place    | Note
-------+----------+-------------------------------------------
     0 | D:1      | Amnesiac the Octopode Transmuter began the quest for the Orb.
     0 | D:1      | Reached XP level 1. HP: 13/13 MP: 3/3
   205 | D:1      | Reached XP level 2. HP: 18/19 MP: 5/5
   352 | D:1      | Slain by a bat

Vault maps used:
D:1:      sevenhm_arrival_forest_fort_large_2, hangedman_decor_push,
          serial_bayou_pond_a, minmay_misc_feat_alley

Skill      XL: |  1 |
---------------+----+-----
Fighting       | 2 |  2.0
Dodging        | |  2.0
Unarmed Combat | |  3.0
Spellcasting   | |  2.0
Transmutations | |  2.6

Action                   || total
-------------------------++-------
Melee: Unarmed           ||    41
       Constrict         ||    13
       Tentacles         ||     7
Armor: Skin              ||     1
Dodge: Dodged            ||    26

Table legend:
 A = Spawn XP
 B = Non-spawn XP
 C = Spawn XP percentage of total XP
 D = Spawn monster count
 E = Non-spawn monster count
 F = Spawn count percentage of total count
 G = Total turns spent on level
                    A         B        C        D         E        F      G
               +---------+---------+-------+---------+---------+-------+---------
         Total |       0 |      29 |   0.0 |       0 |      16 |   0.0 |   352
               +---------+---------+-------+---------+---------+-------+---------
           D:1 |       0 |      29 |   0.0 |       0 |      16 |   0.0 |   352
               +---------+---------+-------+---------+---------+-------+---------
